 Dungeon Crawl Stone Soup version 0.29.0-5-ge4962eb29e (webtiles) character file.

Game seed: 4383470379854300081

28 Strat the Firebug (level 3, 0/29 HPs)
             Began as a Ghoul Fire Elementalist on Aug 30, 2022.
             Slain by an adder (3 damage)
             ... on level 2 of the Dungeon.
             The game lasted 00:05:12 (1964 turns).

Strat the Firebug (Ghoul Fire Elementalist)         Turns: 1964, Time: 00:05:13

Health: 0/29       AC:  2    Str: 13    XL:     3   Next: 14%
Magic:  1/4        EV: 12    Int: 10    God:
Gold:   75         SH:  0    Dex:  9    Spells: 3/5 levels left

rFire   . . .      SeeInvis .   a - +0 hand axe (freeze)
rCold   + . .      Faith    .   (no shield)
rNeg    + + +      Spirit   .   m - +0 robe
rPois   ∞          Reflect  .   (no helmet)
rElec   .          Harm     .   (no cloak)
rCorr   .          Rampage  .   (no gloves)
Will    .....                   (no boots)
Stlth   ++........              (no amulet)
HPRegen 0.00/turn               (no ring)
MPRegen 0.09/turn               (no ring)

@: inhibited regen
A: claws 1, cold resistance 1, negative energy resistance 3, inhibited
regeneration, torment resistance 2, devour on kill
a: no special abilities


You were on level 2 of the Dungeon.
You visited 1 branch of the dungeon, and saw 2 of its levels.

You collected 75 gold pieces.

Inventory:

Hand Weapons
 a - a +0 hand axe of freezing (weapon)
 d - a +0 dagger
Missiles
 c - 4 boomerangs
 g - 5 poisoned darts
Armour
 f - a +0 leather armour
 m - a +0 robe (worn)
Jewellery
 j - an amulet of the acrobat
Scrolls
 h - 2 scrolls of amnesia {unknown}
 k - 2 scrolls of magic mapping {unknown}
 l - a scroll of identify {unknown}
 n - a scroll of enchant weapon {unknown}
 o - a scroll of acquirement {unknown}
 r - a scroll of teleportation {unknown}
Potions
 b - a potion of magic
 e - a potion of mutation {unknown}
 i - a potion of brilliance {unknown}
 p - a potion of lignification {unknown}
 q - a potion of resistance {unknown}


   Skills:
 + Level 2.0 Fighting
 - Level 1.7 Dodging
 - Level 2.1 Stealth
 - Level 1.7 Spellcasting
 - Level 1.4 Conjurations
 - Level 2.4 Fire Magic
 + Level 0.9 Ice Magic


You had 3 spell levels left.
You knew the following spells:

 Your Spells              Type           Power      Damage    Failure   Level
a - Foxfire               Conj/Fire      16%        2x1d4     14%         1
b - Freeze                Ice            8%         1d3       22%         1

Your spell library contained the following spells:

 Spells                   Type           Power      Damage    Failure   Level
 Scorch                   Fire           10%        2d6       19%         2
 Static Discharge         Conj/Air       2%         3-4/arc   34%         2
 Conjure Flame            Conj/Fire      4%         6-21      41%         3
 Inner Flame              Hex/Fire       3%         N/A       52%         3
 Frozen Ramparts          Ice            4%         1d1       54%         3
 Flame Wave               Conj/Fire      4%         2d5       82%         4
 Hailstorm                Conj/Ice       3%         3d3       89%         4
 Lightning Bolt           Conj/Air       1%         1d12      100%        5
 Maxwell's Capacitive Co  Air            0%         ∞         100%        8


Dungeon Overview and Level Annotations

Branches:
Dungeon (2/15)

Altars:

Shops:
D:2 [


Innate Abilities, Weirdness & Mutations

You are immune to poison.
You have sharp fingernails.
Your flesh is cold resistant. (rC+)
You are immune to negative energy. (rN+++)
You do not regenerate when monsters are visible.
You are immune to unholy pain and torment.
You thrive by killing the living.


Message History

The jackal is heavily wounded.
The jackal barely misses you. x2
You hit the jackal. You freeze the jackal.
The jackal is almost dead.
The jackal barely misses you.
You closely miss the jackal.
The jackal is almost dead.
The jackal closely misses you. x2
You hit the jackal but do no damage.
The jackal is almost dead.
The jackal bites you but does no damage.
The jackal bites you.
* * * LOW HITPOINT WARNING * * *
You hit the jackal but do no damage.
The jackal is almost dead.
The jackal closely misses you. The jackal bites you.
* * * LOW HITPOINT WARNING * * *
You hit the jackal. You freeze the jackal.
You kill the jackal!
The adder bites you but does no damage.
Casting: Freeze (safe; 22% risk of failure)
Confirm with . or Enter, or press ? or * to list all spells.
You conjure some foxfire!
The adder completely misses you.
Your foxfire dissipates!
Casting: Foxfire (safe; 14% risk of failure)
Confirm with . or Enter, or press ? or * to list all spells.
Aiming: Freeze (safe; 22% risk of failure)
Press: ? - help, Shift-Dir - straight line, f/p - adder
Aim: an adder (heavily wounded)
You freeze the adder.
The adder is severely wounded.
The adder bites you but does no damage. The adder bites you.
* * * LOW HITPOINT WARNING * * *
You barely miss the adder.
The adder is severely wounded.
The adder closely misses you.
You hit the adder. You freeze the adder.
The adder is almost dead.
The adder bites you.
You die...

#.# #..........#
#######'## #..........#
#........# #..........#
#........# #..........#
#........# #..........#
#........# #..........#
#........# #........†.#
#........######..........#
#........'.S@.'..........#
#........######..........#
###.........# #..........#
#.####....# #..........#
#)# #....# ##+#########
#.# #..†.# .# #.#
#....####.###### #.#
#..............# #.#
#...#####......#


You could see an adder.

Vanquished Creatures
  A worm (D:2)
  2 ball pythons (D:1)
  4 endoplasms
  3 goblins (D:1)
  A hobgoblin (D:1)
  2 jackals (D:2)
  2 kobolds (D:1)
  A quokka (D:2)
  4 bats
  A frilled lizard (D:1)
  A rat (D:1)
22 creatures vanquished.

Vanquished Creatures (others)
  58 foxfires
58 creatures vanquished.

Grand Total: 80 creatures vanquished

Notes
Turn   | Place    | Note
-------+----------+-------------------------------------------
     0 | D:1      | Strat the Ghoul Fire Elementalist began the quest for the
                  | Orb.
     0 | D:1      | Reached XP level 1. HP: 14/14 MP: 2/2
    56 | D:1      | Reached skill level 1 in Conjurations
   245 | D:1      | Reached skill level 1 in Fighting
   311 | D:1      | Reached XP level 2. HP: 23/23 MP: 0/3
   688 | D:1      | Found a faded altar of an unknown god.
  1246 | D:1      | Learned a level 1 spell: Freeze
  1741 | D:2      | Reached XP level 3. HP: 14/29 MP: 1/4
  1913 | D:2      | Found Hymo's Antique Armour Boutique.
  1964 | D:2      | Slain by an adder

Illustrated notes

Levels and vault maps discovered:
D:1:      tarquinn_simple_flora_water_f, layout_basic, basic_ecumenical_altar
D:2:      layout_basic, serial_shops, shop

Skill      XL: |  1  2  3 |
---------------+----------+-----
Conjurations   | 1 |  1.4
Fighting       | 1 2 |  2.0
Dodging        | |  1.7
Stealth        | |  2.1
Spellcasting   | |  1.7
Fire Magic     | |  2.4
Ice Magic      | |  0.9

Action                   || total
-------------------------++-------
Melee: Dagger            ||    13
       Hand axe          ||    30
 Cast: Foxfire           ||    35
       Freeze            ||     3
Armor: Robe              ||    17
Dodge: Dodged            ||    66
